 Dungeon Crawl Stone Soup version 0.18.1-50-g88ac8fd (webtiles) character file.

149692 Chiseanne the Imperceptible (level 16, -8/87 HPs)
             Began as a Spriggan Assassin on Mar 26, 2017.
             Was an Initiate of Gozag.
             Killed by Shatter
             ... invoked by Jorgrun
              (54 damage)
             ... on level 2 of the Swamp.
             The game lasted 03:14:51 (48905 turns).

Chiseanne the Imperceptible (Spriggan Assassin)    Turns: 48905, Time: 03:14:52

Health: -8/87      AC:  6    Str: 13    XL:     16   Next: 97%
Magic:  22/22      EV: 45    Int: 13    God:    Gozag
Gold:   1885       SH:  0    Dex: 33    Spells: 4 memorised, 25 levels left

rFire  + . .     SeeInvis +     s - +2 rapier (venom)
rCold  + . .     Gourm    .     b - +1 robe of the Trees {rC+ MP-9 Slay+2}
rNeg   + + .     Faith    .     (shield restricted)
rPois  +         Spirit   .     (helmet restricted)
rElec  .         Dismiss  .     V - +2 cloak "Iroch" {-Cast rN++ rCorr Dex+3}
rCorr  +         Reflect  .     (gloves unavailable)
SustAt .         Harm     .     (boots unavailable)
MR     ++...     NoCast   +     m - amulet of Vitality {Regen+ HP+15}
Stlth  ++++++++++               E - ring "Hugayhal" {*Contam rF+ Str+6 Dex+6}
                                F - ring of poison resistance

@: very quick, very resistant to hostile enchantments, uncannily stealthy
A: unfitting armour, see invisible, herbivore 3, speed 3, slow metabolism 2
a: Potion Petition, Call Merchant, Bribe Branch, Renounce Religion


You were on level 2 of the Swamp.
You worshipped Gozag.
Gozag was noncommittal.
You were not hungry.

You visited 5 branches of the dungeon, and saw 30 of its levels.
You visited the Abyss 1 time.
You also visited: Labyrinth.

You collected 17106 gold pieces.
You spent 4764 gold pieces at shops.
You paid 10170 gold pieces to Gozag.

Inventory:

Hand Weapons
 a - the +6 short sword of Evvub {elec, Str+2}
   (You bought it in a shop on level 2 of the Orcish Mines)

   Occasionally, upon striking a foe, it will discharge some electrical energy
   and cause terrible harm.
   It affects your strength (+2).
 d - a +4 scimitar of flaming
 e - the +3 hunting sling of Gur Nemniowe {velocity, rElec Str+5 Int-2}
   (You bought it in a shop on level 9 of the Dungeon)

   Any stone fired from it inflicts extra damage.
   It affects your strength (+5).
   It affects your intelligence (-2).
   It insulates you from electricity.
 q - a +1 rapier of freezing
 s - a +2 rapier of venom (weapon)
 w - a +2 blowgun of evasion
 O - a +3 antimagic long sword
Missiles
 f - 6 curare-tipped needles {!*}
 j - 53 tomahawks
 k - 715 stones
 o - 6 tomahawks of returning
 v - 88 sling bullets
 y - 28 poisoned needles
 M - 5 steel tomahawks
 N - 2 throwing nets (quivered) {!*}
 U - 3 tomahawks of dispersal
Armour
 b - the +1 robe of the Trees (worn) {rC+ MP-9 Slay+2}
   (You bought it in a shop on level 1 of the Orcish Mines)

   It affects your accuracy and damage with ranged weapons and melee attacks
   (+2).
   It protects you from cold.
   It affects your magic capacity (-9).
 V - the +2 cloak "Iroch" (worn) {-Cast rN++ rCorr Dex+3}
   (You bought it in a shop on level 9 of the Dungeon)

   It affects your dexterity (+3).
   It greatly protects you from negative energy.
   It prevents spellcasting.
   It protects you from acid and corrosion.
Jewellery
 m - the amulet of Vitality (around neck) {Regen+ HP+15}
   (You found it on level 2 of the Lair of Beasts)

   [amulet of regeneration]

   It affects your health (+15).
   It increases your rate of regeneration.
 x - the ring of Devotion {rElec AC+5}
   (You bought it in a shop on level 13 of the Dungeon)

   [ring of protection]

   It affects your AC (+5).
   It insulates you from electricity.
 E - the ring "Hugayhal" (right hand) {*Contam rF+ Str+6 Dex+6}
   (You took it off a deep elf sorcerer on level 3 of the Elven Halls)

   [ring of strength]

   It affects your strength (+6).
   It affects your dexterity (+6).
   It protects you from fire.
   It causes magical contamination when unequipped.
 F - a ring of poison resistance (left hand)
 H - a +2 ring of slaying
 S - an uncursed ring of flight
Wands
 n - a wand of lightning (1/15)
 r - a wand of iceblast (1/15)
 u - a wand of disintegration (7/24)
 z - a wand of digging (3/24)
 L - a wand of paralysis (1/24)
 Q - a wand of paralysis (21/24)
 Z - a wand of confusion (26/48)
Scrolls
 i - 10 scrolls of remove curse
 l - 5 scrolls of teleportation
 D - 10 scrolls of identify
 G - 3 scrolls of magic mapping
 I - 5 scrolls of recharging
 J - 7 scrolls of fear
 K - 6 scrolls of fog
Potions
 h - 9 potions of curing
 B - 2 potions of heal wounds
 R - 2 potions of flight
 X - a potion of cancellation
 Y - a potion of ambrosia
Miscellaneous
 p - a sack of spiders
 P - a fan of gales
 T - a box of beasts {used: 2}
Comestibles
 c - 25 fruits
 g - 21 bread rations


   Skills:
 - Level 3.0 Fighting
 - Level 10.0(10.1) Short Blades
 - Level 2.1(5.2) Long Blades
 - Level 6.1(10.6) Slings
 - Level 11.3(11.7) Throwing
 * Level 22.7 Dodging
 * Level 22.8 Stealth
 - Level 10.1 Spellcasting
 - Level 8.2 Charms
 - Level 10.1 Evocations


You had 25 spell levels left.
You knew the following spells:

 Your Spells              Type           Power        Failure   Level  Hunger
a - Repel Missiles        Chrm/Air       ###...       3%          2    None
b - Shroud of Golubria    Chrm/Tloc      ###.......   3%          2    None
c - Passage of Golubria   Tloc           N/A          91%         4    ###....
d - Passwall              Trmt/Erth      #.........   17%         2    None


Dungeon Overview and Level Annotations

Branches:
Dungeon (15/15)            Temple (0/1) D:5            Lair (8/8) D:9
  Swamp (2/4) Lair:6        Snake (0/4) Lair:4        Slime (0/6) Lair:6
    Orc (2/2) D:10            Elf (3/3) Orc:2        Vaults (0/5) D:14
 Depths (0/5) D:15

Altars:
Ashenzari
Fedhas
Gozag
Makhleb
Nemelex Xobeh
Okawaru
Ru
Sif Muna
Yredelemnul
Zin
The Shining One
Beogh

Shops:
D:5 }   D:7 (   D:8 =   D:9 [[[(((   D:10 (   D:13 =   Orc:1 ?[*%   Orc:2 ([(?
Elf:1 %[:   Elf:2 [([**

Annotations:
D:4 Grinder; magog001's ghost, amateur MiFi
D:11 CipHuK's ghost, adept MfIE
D:14 exclusion: Roxanne, Roxanne
Lair:1 pib's ghost, journeyman OgBe
Swamp:2 Aizul; Jorgrun
Elf:2 3 runed doors


Innate Abilities, Weirdness & Mutations

You are tiny and cannot use many weapons and most armour.
You have supernaturally acute eyesight.
You are a herbivore.
You cover ground extremely quickly.
You need consume almost no food.


Message History

Jorgrun is heavily wounded.
Jorgrun points at you and mumbles some strange words.
You resist with almost no effort.
You miss Jorgrun.
Jorgrun is heavily wounded.
Jorgrun hits you with a quarterstaff of crushing!
You miss Jorgrun.
Jorgrun is heavily wounded.
You miss Jorgrun.
Jorgrun is heavily wounded.
Jorgrun casts a spell at you. You resist with almost no effort.
You enter the shallow water.
Moving in this stuff is going to be slow.
Jorgrun gestures wildly while chanting.
The dungeon rumbles around Jorgrun!
You shudder from the earth-shattering force.
Ouch! That really hurt!
You die...
Your body crumbles into a pile of gold.

,..≈≈,.≈≈≈,♣♣≈≈≈≈≈...♣♣≈≈≈≈≈≈≈≈≈.
≈...≈...≈≈,♣≈.≈≈≈≈≈≈.♣♣....≈≈≈≈≈.
,≈....♣.,<*♣♣♣..≈≈≈≈.♣♣...≈≈≈≈≈..
≈*♣≈≈..≈♣♣* ♣.≈≈≈≈≈≈≈...........
≈*♣♣≈.§..♣≈ ♣♣.≈≈≈≈≈≈...≈..≈≈≈..≈
,.♣.≈≈≈≈§♣≈≈♣≈≈.≈≈≈≈..≈≈≈..≈.≈♣..
≈g./≈≈≈$.≈♣≈≈♣..≈≈≈≈......♣♣.<...
≈≈≈≈≈.≈.♣≈≈≈g....≈≈.♣♣♣♣≈≈♣♣..♣♣♣
≈≈≈...♣♣≈♣≈♣.≈.≈@..♣♣ ♣♣≈♣♣♣♣♣
≈≈≈.♣** ♣≈ ♣≈♣≈≈.≈≈♣ ♣♣♣ ,.≈** ≈≈
♣♣≈≈♣≈♣ *♣** ≈♣ ♣♣♣♣♣♣ *** ≈ *≈*
>** ** *


You could see Jorgrun.

Vanquished Creatures
  Rupert (D:13)
  Frances (Swamp:1)
  4 deep elf sorcerers
  2 orc warlords
  A deep elf elementalist (Elf:3)
  An emperor scorpion (D:15)
  A deep elf demonologist (Elf:3)
  A salamander stormcaller (D:15)
  A deep elf annihilator (Elf:2)
  A minotaur (Lab)
  A deep elf death mage (Elf:1)
  A dire elephant (D:15)
  7 vault guards (D:14)
  Josephine (D:14)
  2 catoblepae
  5 hydras
  Erica (Lair:2)
  A deep troll shaman (Lair:8)
  An alligator (Swamp:1)
  3 centaur warriors (D:14)
  13 death yaks
  A tengu warrior (D:14)
  A deep elf knight (Elf:2)
  An orc high priest (Orc:2)
  Urug (Lair:2)
  Sonja (Orc:2)
  5 unseen horrors
  4 skeletal warriors (D:13)
  A giant orange brain (Abyss:2)
  A swamp dragon (Swamp:1)
  A wolf spider zombie (D:15)
  2 necromancers
  3 deep elf archers (Elf:2)
  15 hill giants
  An orc knight (Orc:1)
  A cyclops (D:11)
  2 griffons
  30 deep elf magi
  4 ugly things
  4 salamanders (D:15)
  9 elephants
  2 orc sorcerers
  Joseph (D:7)
  4 black mambas
  7 centaur zombies
  A frost giant skeleton (Abyss:2)
  4 smoke demons (Abyss:2)
  A torpor snail (Lair:8)
  6 gargoyles
  12 spiny frogs
  A rime drake (Lair:1)
  13 komodo dragons
  A hellwing (Abyss:2)
  A freezing wraith (Abyss:2)
  A queen bee (shapeshifter) (Elf:2)
  3 trolls
  2 polar bears
  A minotaur skeleton (Lab)
  2 slime creatures
  4 two-headed ogres
  3 giant leeches
  4 small abominations (Abyss:2)
  23 blink frogs
  A boulder beetle (Lair:8)
  2 bog bodies (Swamp:1)
  A fire dragon skeleton (Abyss:2)
  A centaur simulacrum (D:14)
  2 air elementals
  2 wyverns
  6 wraiths
  A ynoxinul (Abyss:2)
  4 water elementals
  6 shadows
  30 yaks
  2 hungry ghosts
  3 fire elementals
  A steam dragon (D:11)
  11 vampire mosquitoes (Swamp:1)
  A neqoxec (Abyss:2)
  7 hippogriffs
  5 swamp worms
  7 wargs
  6 basilisks
  A mottled dragon (D:12)
  A soldier ant (D:13)
  3 large abominations
  16 water moccasins
  10 porcupines
  2 swamp drakes (Swamp:2)
  6 ice beasts
  37 orc warriors
  2 eyes of draining
  4 phantoms
  5 black bears
  5 sky beasts
  4 necrophages
  13 ogres
  8 wolves
  20 centaurs
  21 crocodiles
  4 elf zombies (Elf:1)
  30 giant frogs
  4 earth elementals
  A wyvern zombie (D:11)
  A water moccasin zombie (D:7)
  3 scorpions
  A wyvern skeleton (D:14)
  10 wights
  4 howler monkeys
  7 electric eels
  5 giant frog zombies
  8 crimson imps
  2 quasits
  14 jellies
  5 centaur skeletons
  9 hounds
  2 giant frog skeletons
  18 orc priests
  An iron imp (Abyss:2)
  6 iguanas
  21 orc wizards
  11 worker ants
  27 sheep
  3 hound skeletons
  A hound zombie (D:7)
  3 mummies (D:8)
  2 howler monkey zombies
  Robin (D:4)
  3 worker ant zombies (D:8)
  2 gnolls (D:5)
  98 river rats
  22 adders
  3 shadow imps
  12 white imps (Lair:1)
  11 oozes
  4 adder skeletons
  6 worms
  3 dart slugs
  4 giant geckos
  113 orcs
  3 bats (D:2)
  3 giant cockroaches
  16 goblins
  17 hobgoblins
  5 jackals
  5 quokkas
  3 ball pythons
  2 giant gecko skeletons
  A giant newt (D:2)
  10 kobolds
  3 rats
  A butterfly (Lair:5)
  A fungus (Lair:3)
  3 plants
  A withered plant (D:8)
1051 creatures vanquished.

Vanquished Creatures (collateral kills)
  A deep elf sorcerer (Elf:3)
  A deep elf elementalist (Elf:3)
  A hydra (Swamp:1)
  A skeletal warrior (D:13)
  A swamp worm (Swamp:1)
  An ogre (D:7)
  A jelly (D:7)
  An ooze (D:7)
8 creatures vanquished.

Vanquished Creatures (others)
  A deep elf sorcerer (Elf:2)
  14 dancing weapons
  A merfolk (D:7)
  An orc wizard (D:15)
  A bat (D:2)
  37 fungi
  33 plants
88 creatures vanquished.

Grand Total: 1147 creatures vanquished

Notes
Turn   | Place    | Note
--------------------------------------------------------------
     0 | D:1      | Chiseanne the Spriggan Assassin began the quest for the Orb.
     0 | D:1      | Reached XP level 1. HP: 10/10 MP: 2/2
   217 | D:1      | Reached XP level 2. HP: 5/15 MP: 3/3
  1480 | D:2      | Reached XP level 3. HP: 18/18 MP: 4/4
  1688 | D:2      | Found a glowing silver altar of Zin.
  2329 | D:3      | Reached XP level 4. HP: 23/23 MP: 5/5
  2511 | D:3      | Found a faded altar to an unknown god.
  2574 | D:3      | Found a glowing golden altar of the Shining One.
  3702 | D:3      | Reached XP level 5. HP: 18/28 MP: 6/6
  4438 | D:4      | Noticed Grinder
  4659 | D:4      | Found a deep blue altar of Sif Muna.
  4688 | D:4      | Found an opulent altar of Gozag.
  4694 | D:4      | Became a worshipper of Gozag Ym Sagoz the Greedy
  4700 | D:4      | Found a sacrificial altar of Ru.
  4703 | D:4      | Found a sparkling altar of Nemelex Xobeh.
  4734 | D:4      | Noticed Robin
  4774 | D:4      | Gained mutation: Your skin changes colour to match your surroundings (Stealth). [potion of mutation]
  4774 | D:4      | Gained mutation: You are agile. (Dex +2) [potion of mutation]
  4774 | D:4      | Gained mutation: You tend to lose your temper in combat. [potion of mutation]
  4813 | D:4      | Killed Robin
  5160 | D:4      | Found a shattered altar of Ashenzari.
  5183 | D:5      | Entered Level 5 of the Dungeon
  5350 | D:5      | Found Ozoafia's Gadget Emporium.
  5394 | D:5      | Reached XP level 6. HP: 23/32 MP: 7/7
  5545 | D:5      | Lost mutation: You are agile. (Dex +2) [potion of cure mutation]
  5545 | D:5      | Lost mutation: You tend to lose your temper in combat. [potion of cure mutation]
  5545 | D:5      | Lost mutation: Your skin changes colour to match your surroundings (Stealth). [potion of cure mutation]
  5585 | D:5      | Reached skill level 5 in Dodging
  6158 | D:5      | Reached XP level 7. HP: 36/36 MP: 8/8
  6202 | D:5      | Found a staircase to the Ecumenical Temple.
  6219 | D:5      | Found an iron altar of Okawaru.
  7450 | D:4      | Noticed magog001's ghost (amateur MiFi)
  8302 | D:6      | Found a sparkling altar of Nemelex Xobeh.
  8739 | D:6      | Reached skill level 10 in Stealth
  8739 | D:6      | Reached XP level 8. HP: 40/40 MP: 9/9
  8792 | D:6      | Reached skill level 5 in Throwing
  9722 | D:7      | Found a burning altar of Makhleb.
  9738 | D:7      | Found Itueraibb's Antique Weapon Boutique.
  9741 | D:7      | Noticed Joseph
  9762 | D:7      | Hired Inoloypa the merfolk for 287 gold.
  9792 | D:7      | Killed Joseph
  9792 | D:7      | Reached XP level 9. HP: 27/44 MP: 10/10
 10094 | D:7      | Reached skill level 10 in Dodging
 10303 | D:7      | Your ally Inoloypa died
 11471 | D:8      | Bought a cursed amulet of inaccuracy for 32 gold pieces
 11471 | D:8      | Bought an uncursed ring of poison resistance for 320 gold pieces
 11870 | D:8      | Reached XP level 10. HP: 27/48 MP: 11/11
 12950 | D:9      | Found a staircase to the Lair.
 14223 | D:10     | Entered Level 10 of the Dungeon
 14417 | D:10     | Reached skill level 15 in Stealth
 14797 | D:10     | Noticed a hill giant
 14864 | D:10     | Killed a hill giant
 14864 | D:10     | Reached XP level 11. HP: 51/51 MP: 12/12
 15464 | D:10     | Found a staircase to the Orcish Mines.
 15778 | D:10     | Noticed an unseen horror
 15785 | D:10     | Killed an unseen horror
 15896 | D:10     | Bought a glowing rapier for 124 gold pieces
 15896 | D:10     | Bought a runed short sword for 93 gold pieces
 15910 | Orc:1    | Entered Level 1 of the Orcish Mines
 15910 | Orc:1    | Noticed an orc sorcerer
 15911 | Orc:1    | Found Itzaasan's Food Boutique.
 16061 | D:11     | Noticed a hill giant
 16138 | D:11     | Noticed CipHuK's ghost (adept MfIE)
 16187 | D:10     | Killed a hill giant
 16454 | D:11     | Reached skill level 10 in Throwing
 16615 | D:11     | Noticed a hill giant
 16685 | D:11     | Noticed a hill giant
 16767 | D:10     | Killed a hill giant
 16977 | D:10     | Noticed a hill giant
 17022 | D:10     | Killed a hill giant
 17682 | D:11     | Noticed a hill giant
 18011 | D:11     | Noticed a hill giant
 18037 | D:11     | Killed a hill giant
 18219 | D:11     | Killed a hill giant
 18397 | D:11     | Noticed a hill giant
 18439 | D:11     | Noticed a hill giant
 18445 | D:11     | Killed a hill giant
 18445 | D:11     | Reached skill level 15 in Dodging
 19437 | D:11     | Killed a hill giant
 19437 | D:11     | Reached XP level 12. HP: 56/56 MP: 13/13
 19660 | D:5      | Bought a wand of digging (10/24) for 308 gold pieces
 20671 | Lair:1   | Entered Level 1 of the Lair of Beasts
 21407 | Lair:1   | Found a frozen archway.
 22081 | Lair:1   | Noticed pib's ghost (journeyman OgBe)
 22439 | Lair:1   | Learned a level 2 spell: Repel Missiles
 22989 | Lair:2   | Reached skill level 1 in Charms
 23034 | Lair:2   | Identified a scroll of acquirement
 23118 | D:9      | Bought a faintly humming cloak for 285 gold pieces
 23118 | D:9      | Bought a silken robe for 171 gold pieces
 23118 | D:9      | Identified the +2 cloak "Iroch" {-Cast rN++ rCorr Dex+3} (You bought it in a shop on level 9 of the Dungeon)
 23135 | D:9      | Identified the cursed +0 robe "Ingynk" {rN+ MP+9 Str+2} (You bought it in a shop on level 9 of the Dungeon)
 23146 | D:9      | Bought the +3 hunting sling of Gur Nemniowe {velocity, rElec Str+5 Int-2} for 525 gold pieces
 23146 | D:9      | Bought 3 large rocks for 29 gold pieces
 23162 | D:9      | Learned a level 2 spell: Passwall
 23167 | D:9      | Learned a level 4 spell: Passage of Golubria
 23193 | Lair:2   | Noticed an eight-headed hydra
 23231 | Lair:2   | Killed an eight-headed hydra
 23231 | Lair:2   | Reached skill level 1 in Spellcasting
 23330 | D:9      | Bought 19 sling bullets for 161 gold pieces
 23330 | D:9      | Bought 10 stones for 17 gold pieces
 23733 | Lair:2   | Noticed Urug
 23742 | Lair:2   | Killed Urug
 24194 | Lair:2   | Reached skill level 5 in Charms
 24512 | Lair:2   | Noticed Erica
 24531 | Lair:2   | Killed Erica
 24960 | Lair:3   | Reached skill level 5 in Spellcasting
 26034 | Lair:4   | Found a burning altar of Makhleb.
 26051 | Lair:4   | Found a staircase to the Snake Pit.
 26319 | Lair:4   | Noticed a death yak
 26319 | Lair:4   | Noticed a death yak
 26321 | Lair:4   | Noticed a death yak
 26326 | Lair:4   | Noticed a six-headed hydra
 26393 | Lair:4   | Killed a one-headed hydra
 26393 | Lair:4   | Reached XP level 13. HP: 34/60 MP: 22/22
 27869 | Lair:5   | Found a labyrinth entrance.
 27878 | Lab      | Entered a labyrinth
 28195 | Lab      | Reached skill level 1 in Long Blades
 28373 | Lab      | Noticed a minotaur
 28460 | Lab      | Killed a minotaur
 28537 | Lab      | Identified the Volume of Augmentations
 29528 | Lair:6   | Found a staircase to the Slime Pits.
 30253 | Lair:6   | Found a staircase to the Swamp.
 30550 | Lair:7   | Found a sacrificial altar of Ru.
 30811 | Lair:7   | Reached XP level 14. HP: 65/65 MP: 27/27
 31016 | Lair:7   | Learned a level 2 spell: Shroud of Golubria
 31058 | Lair:8   | Entered Level 8 of the Lair of Beasts
 31819 | Lair:8   | Reached skill level 5 in Short Blades
 33350 | Lair:8   | Reached skill level 10 in Spellcasting
 33939 | D:9      | Bought a dull robe for 193 gold pieces
 33942 | D:9      | Identified the +2 robe of Cowardice {+Inv rElec Int+3} (You bought it in a shop on level 9 of the Dungeon)
 34284 | Orc:1    | Found Seacrimu's Assorted Antiques.
 34332 | Orc:1    | Reached skill level 1 in Evocations
 34382 | Orc:1    | Bought a potion of curing for 72 gold pieces
 34382 | Orc:1    | Bought an inky potion for 21 gold pieces
 34382 | Orc:1    | Bought a bronze wand for 96 gold pieces
 34455 | Orc:1    | Found Atsub Lulu's Armour Shop.
 34460 | Orc:1    | Bought the cursed +1 robe of the Trees {rC+ MP-9 Slay+2} for 301 gold pieces
 34547 | Orc:1    | Noticed an orc warlord
 34760 | D:10     | Killed an orc warlord
 34992 | Orc:1    | Found Vipeh's Magic Scroll Emporium.
 35005 | Orc:1    | Bought a scroll of identify for 34 gold pieces
 35005 | Orc:1    | Bought a scroll of identify for 34 gold pieces
 35005 | Orc:1    | Bought a scroll of identify for 34 gold pieces
 35005 | Orc:1    | Bought a scroll of magic mapping for 59 gold pieces
 35314 | Orc:2    | Entered Level 2 of the Orcish Mines
 35364 | Orc:2    | Found a roughly hewn altar of Beogh.
 35402 | Orc:2    | Found a staircase to the Elven Halls.
 35429 | Orc:2    | Found a roughly hewn altar of Beogh.
 35815 | Orc:2    | Found a roughly hewn altar of Beogh.
 35922 | Orc:2    | Noticed Sonja
 35924 | Orc:2    | Killed Sonja
 36073 | Orc:2    | Found a roughly hewn altar of Beogh.
 36074 | Orc:2    | Found Jotwyet's Magic Scroll Boutique.
 36242 | Orc:2    | Bought a scroll of identify for 26 gold pieces
 36242 | Orc:2    | Bought a scroll of fear for 45 gold pieces
 36242 | Orc:2    | Bought a scroll of magic mapping for 45 gold pieces
 36242 | Orc:2    | Bought a scroll of identify for 26 gold pieces
 36242 | Orc:2    | Bought a scroll of teleportation for 39 gold pieces
 36297 | Orc:2    | Found a roughly hewn altar of Beogh.
 36395 | Orc:2    | Found a roughly hewn altar of Beogh.
 36396 | Orc:2    | Found Vugaesuq's Antique Weapon Shop.
 36774 | Orc:2    | Bought a crystal short sword for 240 gold pieces
 36775 | Orc:2    | Identified the +6 short sword of Evvub {elec, Str+2} (You bought it in a shop on level 2 of the Orcish Mines)
 37035 | Orc:2    | Noticed an orc warlord
 37194 | Orc:2    | Killed an orc warlord
 37247 | Orc:2    | Found Sausiy's Antique Armour Shoppe.
 37249 | Orc:2    | Found a roughly hewn altar of Beogh.
 37257 | Orc:2    | Found Fapamau's Antique Weapon Emporium.
 37741 | D:12     | Reached skill level 5 in Evocations
 37897 | D:12     | Reached XP level 15. HP: 68/68 MP: 21/30
 38264 | D:13     | Noticed Rupert
 38292 | D:13     | Killed Rupert
 39488 | D:14     | Found a gate to the Vaults.
 39951 | D:14     | Noticed Josephine
 39956 | D:14     | Killed Josephine
 40052 | D:14     | Reached skill level 10 in Short Blades
 40150 | D:15     | Entered Level 15 of the Dungeon
 40191 | D:15     | Found a basalt altar of Yredelemnul.
 40856 | D:15     | Found a staircase to the Depths.
 40912 | D:15     | Reached skill level 10 in Evocations
 41152 | D:15     | Reached skill level 1 in Slings
 41571 | D:15     | Found a blossoming altar of Fedhas.
 41816 | D:14     | Noticed Roxanne
 42305 | Elf:1    | Entered Level 1 of the Elven Halls
 42451 | Elf:1    | Reached XP level 16. HP: 72/72 MP: 22/31
 42453 | Elf:1    | Identified Ticedaih's Almanac of Darkness
 42609 | Elf:1    | Found Kocronnis's Antique Armour Shop.
 42892 | D:13     | Bought the ring of Devotion {rElec AC+5} for 1104 gold pieces
 43078 | Elf:1    | Found Hutuock's Book Emporium.
 43165 | Elf:1    | Found Teklug's Food Shop.
 43502 | Elf:2    | Found Qotuq's Armour Shop.
 43596 | Elf:2    | Found Poess's Armour Shoppe.
 43625 | Elf:2    | Reached skill level 5 in Slings
 43814 | Elf:2    | Found Eqoth's Assorted Antiques.
 43850 | Elf:2    | Found Hefatz's General Store.
 43864 | Elf:2    | Bought 3 scrolls of identify for 120 gold pieces
 43864 | Elf:2    | Bought a scroll of identify for 40 gold pieces
 43864 | Elf:2    | Bought a scroll of fog for 40 gold pieces
 43864 | Elf:2    | Bought a scroll of teleportation for 60 gold pieces
 43864 | Elf:2    | Bought a scroll of fear for 70 gold pieces
 43946 | Elf:2    | Found Adeis's Antique Weapon Shop.
 43961 | Elf:2    | Found a runed gate.
 43961 | Elf:2    | Found a runed gate.
 43971 | Elf:2    | Found a runed gate.
 44101 | Elf:3    | Entered Level 3 of the Elven Halls
 45502 | Elf:3    | Got a heavily runed granite ring
 45510 | Elf:3    | Identified the ring "Hugayhal" {*Contam rF+ Str+6 Dex+6} (You took it off a deep elf sorcerer on level 3 of the Elven Halls)
 45543 | Elf:3    | Cast into level 2 of the Abyss (a deep elf sorcerer)
 45644 | Abyss:2  | Noticed a tentacled starspawn
 45645 | Abyss:2  | Noticed an Executioner
 45820 | Abyss:2  | Got an encrusted broad axe
 46125 | Abyss:2  | Identified the +8 broad axe "Killer Bee's Doom" {vamp, +Rage rElec} (You found it on level 2 of the Abyss)
 46348 | Elf:3    | Escaped the Abyss
 46947 | Elf:3    | Noticed a deep elf master archer
 47333 | Swamp:1  | Entered Level 1 of the Swamp
 47486 | Swamp:1  | Noticed Frances
 47512 | Swamp:1  | Killed Frances
 48786 | Swamp:2  | Noticed Aizul
 48861 | Swamp:2  | Noticed Jorgrun
 48905 | Swamp:2  | Killed from afar by Jorgrun

Skill      XL: |  1  2  3  4  5  6  7  8  9 10 11 12 13 14 15 16 |
---------------+-------------------------------------------------+-----
Dodging        | 2 3 4 5 7 9 11 13 15 16 18 19 21 22 | 22.7
Stealth        | 6 7 8 10 11 13 15 17 18 19 20 22 | 22.8
Fighting       | 2 3 |  3.0
Throwing       | 3 4 6 8 9 11 | 11.3
Charms         | 6 8 |  8.2
Spellcasting   | 5 8 10 | 10.1
Long Blades    | 2 |  2.1
Short Blades   | 4 8 10 | 10.0
Evocations     | 5 10 | 10.1
Slings         | 3 6 |  6.1

Action                   |  1- 3 |  4- 6 |  7- 9 | 10-12 | 13-15 | 16-18 || total
-------------------------+-------+-------+-------+-------+-------+-------++-------
Melee: Dagger            |   134 |   277 |   418 |   618 |   574 |       ||  2021
       Falchion          |       |       |    46 |   261 |       |       ||   307
       Scimitar          |       |       |       |    64 |   358 |    29 ||   451
       Short sword       |       |       |       |       |   579 |   537 ||  1116
       Rapier            |       |       |       |       |       |     6 ||     6
 Fire: Blowgun           |       |    47 |       |   111 |   230 |     2 ||   390
       Hunting sling     |       |       |    69 |   397 |   330 |    12 ||   808
Throw: Stone             |     1 |     4 |     1 |       |     3 |       ||     9
       Tomahawk          |       |       |       |       |   123 |       ||   123
       Throwing net      |       |       |       |       |     2 |       ||     2
 Cast: Repel Missiles    |       |       |       |       |     1 |       ||     1
Invok: Call Merchant     |       |       |     1 |     5 |     3 |       ||     9
Evoke: Deck              |       |       |     1 |       |       |       ||     1
       Wand              |       |       |       |    10 |    12 |    10 ||    32
       Phantom mirror    |       |       |       |       |     1 |       ||     1
       Fan of gales      |       |       |       |       |     1 |     1 ||     2
       Box of beasts     |       |       |       |       |       |     2 ||     2
  Use: Scroll            |     2 |     8 |    10 |    10 |    16 |     5 ||    51
       Potion            |       |     3 |       |    15 |     8 |     3 ||    29
 Stab: Sleeping          |     9 |     6 |    26 |    52 |   121 |    33 ||   247
       Distracted        |     2 |     1 |     4 |    14 |    30 |    16 ||    67
       Invisible         |       |       |       |     7 |     6 |     8 ||    21
       Petrified         |       |       |       |       |     3 |       ||     3
       Petrifying        |       |       |       |       |     1 |       ||     1
       Held in net/web   |       |       |       |       |     1 |       ||     1
       Paralysed         |       |       |       |       |     1 |       ||     1
  Eat: Fruit             |       |     4 |     7 |     2 |    16 |     1 ||    30
       Royal jelly       |       |     1 |       |     2 |       |     1 ||     4
       Pizza             |       |       |     1 |       |     2 |       ||     3
       Bread ration      |       |       |       |     1 |       |       ||     1
Armor: Robe              |    10 |    26 |    24 |    28 |    46 |    16 ||   150
Dodge: Dodged            |   111 |   199 |   465 |   988 |  1421 |   425 ||  3609
       Deflected         |       |       |       |       |     1 |       ||     1
